 Dungeon Crawl Stone Soup version 0.31-a0-844-gdc52ec4e09 (webtiles) character file.

Game seed: 12762788975584850207

156 Descartes the Ducker (level 5, -1/23 HPs)
             Began as a Felid Shapeshifter on Sept 29, 2023.
             Slain by Ijyb
             ... wielding a +0 dagger
              (3 damage)
             ... on level 3 of the Dungeon.
             The game lasted 00:02:50 (1451 turns).

Descartes the Ducker (Felid Shapeshifter)           Turns: 1451, Time: 00:02:51

Health: -1/23      AC:  1    Str: 12    XL:     5   Next: 14%
Magic:  6/6        EV: 18    Int: 11    God:
Gold:   141        SH:  0    Dex: 16    Spells: 4/4 levels left
                                        Lives:  0   Deaths: 2

rFire   . .          .
                       - Unarmed
rCold   . . .        (shield unavailable)
rNeg    . . .        (body armour unavailable)
rPois   .            (helmet unavailable)
rElec   .            (cloak unavailable)
rCorr   .            (gloves unavailable)
SInv    +            (boots unavailable)
Will    .....        (no amulet)
Stlth   ++           (no ring)
HPRegen 0.23/turn    (no ring)
MPRegen 0.10/turn

%: no passive effects
@: beast-form, quick
A: beast (slay +2), very small, claws 1, fangs 3, see invisible, speed 1, shaggy
fur 1, stealthy paws, no weapons or thrown items, no armour, multi-lived
a: Begin Untransformation


You were on level 3 of the Dungeon.
You were a hulking beast.
You visited 1 branch of the dungeon, and saw 3 of its levels.

You collected 141 gold pieces.

Inventory:

Talismans
 b - a beast talisman (active)
 c - a flux talisman
Scrolls
 d - a scroll of teleportation {unknown}
 g - a scroll of noise {unknown}
 h - 3 scrolls of identify {unknown}
Potions
 a - a potion of lignification
 e - 2 potions of curing {unknown}
 f - a potion of heal wounds {unknown}


   Skills:
 * Level 2.7 Fighting
 * Level 4.0 Dodging
 * Level 3.3 Stealth
 + Level 3.4 Unarmed Combat
 + Level 3.7 Shapeshifting


You had 4 spell levels left.
You didn't know any spells.
Your spell library was empty.

Dungeon Overview and Level Annotations

Branches:
Dungeon (3/15)

Altars:
Elyvilon

Shops:
D:2 :

Annotations:
D:3 Ijyb


Innate Abilities, Weirdness & Mutations

You are a hulking beast.
Your limbs bulge with bestial killing power. (Slay +2)
You have sharp claws.
You have razor-sharp teeth.
You have supernaturally acute eyesight. (SInv)
You cover ground quickly. (Speed+)
You are covered in fur. (AC +1)
Your paws help you pounce on unaware monsters.
You are incapable of wielding weapons or throwing items.
You cannot wear armour.
You gain extra lives every three experience levels.


Message History

HP restored.
Found a white marble altar of Elyvilon.
No target in view!
Found a sling.
No target in view!
Found a dagger.
Found a faded altar of an unknown god.
Ijyb is nearby!
A bat comes into view.
Found a scroll labelled SEJAEJYXTO.
Ijyb shouts!
You hear a shout!
A hobgoblin comes into view.
A rat comes into view.
Ijyb zaps a wand.
The bolt of dispelling energy misses you.
An endoplasm comes into view.
Something hits the butterfly.
The butterfly dies!
Ijyb zaps a wand.
The bolt of dispelling energy hits you!
Ouch! That really hurt!
Ijyb zaps a wand.
The bolt of dispelling energy hits you!
* * * LOW HITPOINT WARNING * * *
The rat bites the bush.
Why would you want to do that?
You enter the shallow water.
Moving in this stuff is going to be slow.
You see here a giant cockroach corpse.
You see here a bat corpse.
You hear a shout!
A goblin and an orc come into view.
The goblin moves out of view.
An orc comes into view. It is wielding a +0 mace.
The orc shouts!
You hear a shout!
An orc comes into view. It is wielding a +0 trident.
An orc priest comes into view. It is wielding a +0 club.
The orc priest moves out of view.
The goblin shouts!
The orc shouts! x2; The orc priest shouts!
The orc throws a boomerang.
The boomerang closely misses you. Ijyb hits you with a +0 dagger.
* * * LOW HITPOINT WARNING * * *
Ijyb hits you with a +0 dagger.
You die...

#.....g.#
#####.#.#
#o#.#
#.#.#
#o#.#
#.#.#
##.#.#
#.g..#
####h...#
#........#
.
#.###....#
. #....# .
#....# .
####.# .
#.# #####
. #.#
#≈≈.P♣♣♣.
.######.##
#≈~P..P.J


You could see Ijyb and 2 orcs.

Vanquished Creatures
  A phantom (D:1)
  4 adders
  2 dart slugs
  5 ball pythons
  4 endoplasms
  2 giant cockroaches
  3 goblins
  7 hobgoblins
  5 bats
  3 frilled lizards
  3 kobolds (D:1)
  A rat (D:1)
40 creatures vanquished.

Vanquished Creatures (others)
  A butterfly (D:3)
1 creature vanquished.

Grand Total: 41 creatures vanquished

Notes
Turn   | Place    | Note
-------+----------+-------------------------------------------
     0 | D:1      | Descartes the Felid Shapeshifter began the quest for the
                  | Orb.
     0 | D:1      | Reached XP level 1. HP: 9/9 MP: 2/2
    40 | D:1      | Slain by a hobgoblin
    43 | D:1      | Reached skill level 3 in Dodging
    43 | D:1      | Reached skill level 1 in Stealth
    61 | D:1      | Reached XP level 2. HP: 12/12 MP: 3/3
   484 | D:2      | Reached XP level 3. HP: 15/16 MP: 4/4
   621 | D:2      | Found Toskin's Book Boutique.
   828 | D:2      | Noticed a phantom
   931 | D:1      | Killed a phantom
   932 | D:1      | Reached XP level 4. HP: 10/20 MP: 5/5
  1085 | D:2      | Reached skill level 4 in Dodging
  1085 | D:2      | Reached XP level 5. HP: 21/23 MP: 6/6
  1302 | D:3      | Noticed Ijyb
  1311 | D:3      | Killed from afar by Ijyb
  1398 | D:3      | Found a white marble altar of Elyvilon.
  1402 | D:3      | Found a faded altar of an unknown god.
  1412 | D:3      | HP: 1/23 [Ijyb/bolt of dispelling energy (11)]
  1451 | D:3      | Slain by Ijyb

Illustrated notes

Levels and vault maps discovered:
D:1:      matt_arrival_los_fun, layout_basic
D:2:      layout_loops_ring, serial_shops, shop, kennysheep_generic_room_4
D:3:      layout_basic, nicolae_elyvilon_peaceful_grove, amcnicky_altar_gilded,
          ebering_ecumenical_altar_rust, uniq_ijyb

Skill      XL: |  1  2  3  4 |
---------------+-------------+-----
Dodging        | 3 4 |  4.0
Stealth        | 1 2 3 |  3.3
Fighting       | 2 |  2.7
Unarmed Combat | |  3.4
Shapeshifting  | |  3.7

Action                     |  1- 3 |  4- 6 || total
---------------------------+-------+-------++-------
  Melee: Unarmed           |    93 |    17 ||   110
         Bite              |     6 |     2 ||     8
         Punch             |     1 |     1 ||     2
   Stab: Sleeping          |     5 |     2 ||     7
 Armour: Skin              |    38 |    12 ||    50
  Dodge: Dodged            |    67 |    11 ||    78

Table legend: (Time is in decaauts)
 A = Elapsed time spent in this place.
 B = Non-inter-level travel time spent in this place.
 C = Inter-level travel time spent in this place.
 D = Time resting spent in this place.
 E = Time spent auto-exploring this place.
 F = Levels seen in this place.
 G = Mean time per level.
                   A        B        C        D        E       F      G
               +--------+--------+--------+--------+--------+-----+--------+
         Total |   1246 |   1219 |     27 |      0 |    923 |   3 |  415.3 |
       Dungeon |   1246 |   1219 |     27 |      0 |    923 |   3 |  415.3 |
               +--------+--------+--------+--------+--------+-----+--------+

Top non-repeatable levels by time:
     D:2: 592 daAuts
     D:1: 474 daAuts
     D:3: 179 daAuts
